 Dungeon Crawl Stone Soup version 0.29.1-15-g9cfb28693d (webtiles) character file.

Game seed: 17071587682861175917

581 Smoke131 the Firebug (level 7, 50/50 HPs)
             Began as a White Draconian Fire Elementalist on Feb 26, 2023.
             Quit the game on level 4 of the Dungeon.
             The game lasted 00:13:12 (7159 turns).

Smoke131 the Firebug (DrFE)                         Turns: 7159, Time: 00:13:12

Health: 50/50      AC:  9    Str: 16    XL:     7   Next: 13%
Magic:  13/13      EV: 13    Int: 17    God:
Gold:   193        SH:  0    Dex: 12    Spells: 8/14 levels left

rFire   . . .      SeeInvis .   g - +3 dagger (venom)
rCold   + . .      Faith    .   (no shield)
rNeg    . . .      Spirit   .   (body armour unavailable)
rPois   .          Reflect  .   (helmet restricted)
rElec   .          Harm     .   m - +0 cloak
rCorr   .          Rampage  .   c - +0 pair of gloves
Will    .....                   q - +0 pair of boots
Stlth   ++........              (no amulet)
HPRegen 0.16/turn               h - +6 ring of strength
MPRegen 0.13/turn               j - ring of wizardry

@: no status effects
A: breathe frost, AC +6, unfitting armour, cold resistance 1, cold-blooded
a: Breathe Frost


You were on level 4 of the Dungeon.
You visited 1 branch of the dungeon, and saw 5 of its levels.

You collected 193 gold pieces.

Inventory:

Hand Weapons
 g - a +3 dagger of venom (weapon)
Missiles
 r - a throwing net
Armour
 c - a +0 pair of gloves (worn)
 m - a +0 cloak (worn)
 q - a +0 pair of boots (worn)
Jewellery
 f - a ring of positive energy
 h - a +6 ring of strength (left hand)
 j - a ring of wizardry (right hand)
 k - a ring of protection from fire
Wands
 o - a wand of mindburst (13)
Scrolls
 i - a scroll of blinking
 n - 2 scrolls of immolation
 t - 3 scrolls of teleportation
Potions
 a - a potion of magic
 b - 3 potions of cancellation
 d - 2 potions of flight
 e - 3 potions of might
 l - 2 potions of berserk rage
 s - 3 potions of degeneration
 u - a potion of curing


   Skills:
 + Level 3.8 Dodging
 - Level 1.7 Stealth
 + Level 4.0 Spellcasting
 + Level 3.8 Conjurations
 + Level 4.0 Fire Magic


You had 8 spell levels left.
You knew the following spells:

 Your Spells              Type           Power      Damage    Failure   Level
a - Foxfire               Conj/Fire      64%        2x1d7     1%          1
b - Scorch                Fire           34%        2d7       1%          2
c - Conjure Flame         Conj/Fire      16%        6-21      4%          3

Your spell library contained the following spells:

 Spells                   Type           Power      Damage    Failure   Level
 Magic Dart               Conj           64%        1d6       1%          1
 Searing Ray              Conj           32%        2d5       1%          2
 Inner Flame              Hex/Fire       10%        N/A       9%          3
 Ignite Poison            Fire/Tmut/Pois 7%         N/A       11%         3
 Mephitic Cloud           Conj/Pois/Air  7%         N/A       12%         3
 Flame Wave               Conj/Fire      16%        2d7       12%         4
 Fulminant Prism          Conj/Hex       4%         3d6       26%         4
 Freezing Cloud           Conj/Ice/Air   3%         6-21      67%         5


Dungeon Overview and Level Annotations

Branches:
Dungeon (5/15)
 Temple: D:4-7

Altars:
Elyvilon
Gozag
Qazlal
Ru


Innate Abilities, Weirdness & Mutations

You can breathe waves of freezing cold which knock back foes.
Your icy white scales are hard. (AC +6)
You cannot fit into any form of body armour.
Your flesh is cold resistant. (rC+)
You are cold-blooded and may be slowed by cold attacks.


Message History

The orc wizard closely misses you.
You closely miss the orc wizard.
The orc shouts!
You tail-slap the orc wizard.
The orc wizard is lightly wounded.
The orc wizard hits you but does no damage.
You barely miss the orc wizard.
The orc wizard is lightly wounded.
The orc wizard closely misses you.
There is a stone staircase leading up here.
Casting: Scorch (safe; 1% risk of failure)
Confirm with . or Enter, or press ? or * to list all spells.
Flames lash the ogre.
The ogre is heavily wounded.
The ogre's fire resistance burns away.
The ogre hits you with a +0 giant club!
You climb upwards.
There is a stone staircase leading down here.
Casting: Scorch (safe; 1% risk of failure)
Confirm with . or Enter, or press ? or * to list all spells.
Flames lash the ogre.
The ogre is burned terribly!
The ogre is severely wounded.
The ogre hits you with a +0 giant club!!
Casting: Scorch (safe; 1% risk of failure)
Confirm with . or Enter, or press ? or * to list all spells.
Flames lash the ogre.
The ogre is burned terribly!
You kill the ogre!
Your Spellcasting skill increases to level 4!
You have reached level 7!
Your scales start taking on an icy white colour.
You learn Fire Magic much slower.
You learn Ice Magic much quicker.
You can breathe waves of freezing cold which knock back foes.
You feel resistant to cold.
Things that are here:
a +0 giant club; an ogre corpse You start resting.
Magic restored.
You start resting.
HP restored.
Are you sure you want to abandon this character and quit the game? (Confirm with "yes".)

.)....##.......## ##....##
...##.#.........####....##
......'.........).......#
...##.#.........####.))<#
#.###.##.......######.#.#####
#####.###.....## #..........#
......# ##...## #...##.###.#
####### ##'######..(##.# #.#
#.# #.@>......# #.# #######
#.# #.........# #.# ......#
######.........# #.#
#####.####≈≈≈#####...#### #.#
#..##≈≈⌠≈≈## #...######.#
#.##≈≈...≈≈# #..........#
#..#≈⌠._.⌠≈####.#########
#.##≈≈...≈≈#....#
#.###≈≈.≈≈###.###


There were no monsters in sight!

Vanquished Creatures
  An ogre (D:4)
  A scorpion (D:5)
  3 hounds
  Jessica (D:3)
  2 orc wizards
  An iguana (D:4)
  Robin (D:3)
  8 gnolls
  3 adders
  3 worms
  14 orcs
  7 endoplasms
  8 giant cockroaches
  13 hobgoblins
  5 jackals (D:1)
  6 kobolds
  6 quokkas
  8 ball pythons
  A bat (D:3)
  2 frilled lizards
  9 goblins
  2 rats (D:2)
105 creatures vanquished.

Vanquished Creatures (others)
  31 foxfires
  15 plants (D:4)
46 creatures vanquished.

Grand Total: 151 creatures vanquished

Notes
Turn   | Place    | Note
-------+----------+-------------------------------------------
     0 | D:1      | Smoke131 the Draconian Fire Elementalist began the quest
                  | for the Orb.
     0 | D:1      | Reached XP level 1. HP: 14/14 MP: 3/3
   394 | D:1      | Reached XP level 2. HP: 20/20 MP: 1/5
   751 | D:1      | Learned a level 2 spell: Scorch
  1085 | D:2      | Reached XP level 3. HP: 26/26 MP: 1/6
  1896 | D:2      | Identified the +4 sling "Holuqa" {vorpal, rF+ rN+ Str+2
                  | Stlth-}
  1952 | D:2      | Found a faded altar of an unknown god.
  2165 | D:3      | Reached XP level 4. HP: 33/33 MP: 7/7
  2861 | D:3      | Noticed Jessica
  2875 | D:3      | Killed Jessica
  2876 | D:3      | Reached XP level 5. HP: 37/38 MP: 1/9
  3338 | D:3      | Learned a level 3 spell: Conjure Flame
  3530 | D:4      | Noticed Robin
  4048 | D:4      | Found an opulent altar of Gozag.
  4111 | D:4      | Found a stormy altar of Qazlal.
  4148 | D:4      | HP: 1/38 [poisoned by a goblin]
  4297 | D:3      | Reached XP level 6. HP: 13/45 MP: 3/11
  4959 | D:4      | Found a white marble altar of Elyvilon.
  5244 | D:3      | Killed Robin
  6060 | D:4      | Found a sacrificial altar of Ru.
  6195 | D:5      | Entered Level 5 of the Dungeon
  6284 | D:5      | Noticed a water moccasin
  6965 | D:4      | Your scales start taking on an icy white colour.
  6965 | D:4      | Reached XP level 7. HP: 19/50 MP: 5/13
  6965 | D:4      | Gained mutation: Your flesh is cold resistant. (rC+) [White
                  | Draconian growth]
  7159 | D:4      | Quit the game

Illustrated notes

Levels and vault maps discovered:
D:1:      ebering_trefoil_twist, layout_basic, serial_forest,
          infiniplex_forest_lined_corner, infiniplex_forest_clump_tiny,
          infiniplex_forest_end_1, infiniplex_forest_lined_room_,
          infiniplex_forest_fountain, infiniplex_forest_lined_corner,
          infiniplex_forest_end_double, infiniplex_forest_clump_medium
D:2:      layout_loops_cross, dreamdust_ecumenical_altar_hidden_monk_grotto,
          minmay_worlds_worst_comb
D:3:      layout_basic, serial_bayou_pond_d, kennysheep_jessica_study
D:4:      layout_loops_corners, mainiacjoe_overflow_small_starburst,
          nicolae_ru_the_path_less_chosen, nicolae_qazlal_general_emergency,
          nicolae_elyvilon_temple_path, uniq_robin
D:5:      layout_cave_pools, worldfamousw_hep_ancestral_shrine,
          chequers_serial_rivers_room_b, minmay_mini_ossuary,
          uniq_crazy_yiuf_cottage

Skill      XL: |  1  2  3  4  5  6 |
---------------+-------------------+-----
Dodging        | 2 3 |  3.8
Conjurations   | 2 3 |  3.8
Spellcasting   | 3 4 |  4.0
Fire Magic     | 4 |  4.0
Stealth        | |  1.7

Action                   |  1- 3 |  4- 6 |  7- 9 || total
-------------------------+-------+-------+-------++-------
Melee: Unarmed           |    12 |       |       ||    12
       Tailslap          |    15 |     6 |       ||    21
       Dagger            |    65 |    49 |       ||   114
       Trident           |    37 |    49 |       ||    86
 Cast: Foxfire           |    13 |     7 |       ||    20
       Scorch            |     5 |    72 |       ||    77
  Use: Scroll            |       |    12 |       ||    12
       Potion            |       |     1 |       ||     1
 Stab: Sleeping          |     2 |     2 |       ||     4
       Distracted        |     1 |       |       ||     1
Armor: Skin              |    46 |    55 |       ||   101
Dodge: Dodged            |    73 |   130 |       ||   203
